Map: Abyssal Reef LE

Players

Harstem - Winner!

  • Race: Protoss Protoss
  • Spawn Location: 11:00

JonSnow

  • Race: Zerg Zerg
  • Spawn Location: 5:00

Event: WCS Austin 2017

VOD

Have the link to the VOD?

Description

Time

  • Played on: April 28, 2017, 8:12 p.m.
  • Length: 18:42

All games in this series

Show
View Real Time Build Order
Export as new Build Order

Harstem Protoss - Winner!

Build Orders: 1 Gate Expand, Zealot Archon, Dark Templar Rush 

Get SALT Encoding   

  12  0:01  Probe (Chrono Boost)  
  13  0:11  Probe (Chrono Boost)  
  14  0:18  Pylon  
  14  0:22  Probe (Chrono Boost)  
  15  0:36  Probe (Chrono Boost)  
  15  0:40  Gateway  
  16  0:47  Probe (Chrono Boost)  
  16  0:48  Assimilator  
  17  0:57  Probe (Chrono Boost)  
  18  1:08  Probe (Chrono Boost)  
  19  1:18  Probe (Chrono Boost)  
  20  1:26  Nexus  
  20  1:34  Cybernetics Core  
  20  1:36  Probe (Chrono Boost)  
  21  1:43  Assimilator  
  21  1:47  Probe (Chrono Boost)  
  21  1:51  Pylon  
  22  1:57  Probe (Chrono Boost)  
  23  2:06  Stalker  
  23  2:11  Probe (Chrono Boost)  
  23  2:13  Warp Gate  
  27  2:23  Probe (Chrono Boost)  
  27  2:29  Twilight Council  
  27  2:30  Pylon  
  27  2:35  Probe (Chrono Boost), Adept  
  28  2:41  Probe (Chrono Boost)  
  31  2:47  Probe (Chrono Boost)  
  32  2:52  Probe (Chrono Boost)  
  32  2:55  Robotics Facility  
  34  2:58  Probe (Chrono Boost)  
  34  3:02  Probe (Chrono Boost)  
  35  3:09  Probe (Chrono Boost)  
  36  3:14  Probe (Chrono Boost)  
  36  3:16  Dark Shrine  
  37  3:20  Probe (Chrono Boost)  
  37  3:25  Probe (Chrono Boost)  
  39  3:28  Gateway  
  37  3:35  Mothership Core (Chrono Boost)  
  37  3:39  Gateway  
  37  3:40  Probe (Chrono Boost)  
  39  3:50  Warp Prism  
  39  3:53  Probe (Chrono Boost)  
  42  3:59  Pylon  
  41  4:04  Probe (Chrono Boost)  
  41  4:05  Probe (Chrono Boost)  
  41  4:09  Gateway  
  43  4:14  Probe (Chrono Boost)  
  45  4:17  Probe (Chrono Boost)  
  45  4:20  Pylon  
  45  4:25  Warp Prism  
  45  4:26  Probe (Chrono Boost)  
  45  4:28  Probe (Chrono Boost)  
  49  4:33  Assimilator  
  49  4:35  Assimilator  
  49  4:37  Pylon  
  49  4:38  Probe x2 (Chrono Boost)  
  51  4:49  Dark Templar x2  
  51  4:50  Probe (Chrono Boost)  
  51  4:51  Probe (Chrono Boost)  
  57  5:02  Probe (Chrono Boost)  
  59  5:08  Nexus  
  59  5:10  Pylon  
  58  5:17  Probe (Chrono Boost), Dark Templar  
  58  5:18  Archon  
  61  5:21  Dark Templar  
  61  5:23  Dark Templar  
  61  5:25  Archon  
  61  5:26  Probe (Chrono Boost)  
  61  5:28  Probe (Chrono Boost)  
  67  5:33  Pylon  
  67  5:34  Observer  
  67  5:38  Probe (Chrono Boost)  
  67  5:39  Probe (Chrono Boost)  
  70  5:48  Forge  
  71  5:50  Probe (Chrono Boost)  
  71  6:01  Dark Templar x3  
  71  6:02  Probe (Chrono Boost)  
  71  6:03  Blink  
  78  6:11  Archon x2  
  78  6:14  Probe (Chrono Boost), Gateway  
  78  6:15  Gateway  
  79  6:24  Probe (Chrono Boost)  
  79  6:25  Probe (Chrono Boost)  
  82  6:27  Probe (Chrono Boost)  
  82  6:33  Immortal  
  82  6:34  Probe (Chrono Boost)  
  88  6:41  Assimilator, Probe (Chrono Boost)  
  88  6:42  Stalker x2, Sentry  
  94  6:52  Probe (Chrono Boost)  
  96  6:55  Probe (Chrono Boost)  
  96  7:00  Probe (Chrono Boost)  
  97  7:04  Protoss Ground Weapons Level 1  
  97  7:07  Pylon  
  98  7:08  Probe (Chrono Boost)  
  98  7:10  Assimilator, Pylon, Gateway  
  98  7:11  Sentry  
  100  7:16  Gateway  
  100  7:17  Pylon  
  100  7:18  Probe (Chrono Boost), Gateway  
  100  7:19  Pylon  
  100  7:20  Gateway  
  100  7:22  Gateway  
  101  7:28  Probe (Chrono Boost), Pylon, Photon Cannon  
  102  7:33  Stalker, Sentry  
  102  7:34  Immortal, Pylon  
  106  7:40  Stalker  
  106  7:42  Probe (Chrono Boost)  
  113  7:44  Pylon  
  113  7:54  Stalker x2  
  117  8:00  Dark Templar  
  119  8:07  Stalker x2  
  119  8:12  Nexus  
  123  8:15  Stalker  
  123  8:16  Stalker  
  127  8:20  Photon Cannon  
  127  8:21  Probe x2 (Chrono Boost)  
  127  8:22  Probe (Chrono Boost)  
  127  8:25  Immortal  
  127  8:26  Sentry  
  132  8:27  Pylon  
  132  8:32  Stalker  
  138  8:37  Stalker  
  140  8:45  Robotics Bay  
  140  8:53  Charge  
  140  8:54  Probe (Chrono Boost)  
  141  8:59  Zealot x5  
  141  9:00  Templar Archives  
  141  9:01  Protoss Ground Weapons Level 2  
  150  9:05  Pylon  
  150  9:06  Probe x2 (Chrono Boost)  
  150  9:07  Probe (Chrono Boost)  
  154  9:18  Probe x2 (Chrono Boost)  
  155  9:24  Immortal  
  155  9:29  Probe (Chrono Boost)  
  155  9:31  Psionic Storm  
  161  9:32  Probe (Chrono Boost), Photon Cannon  
  161  9:35  Assimilator  
  161  9:38  Assimilator, Pylon  
  161  9:40  Photon Cannon  
  161  9:42  Stargate  
  161  9:51  High Templar x2  
  161  9:52  High Templar x2  
  169  9:56  Photon Cannon  
  169  9:57  Probe (Chrono Boost)  
  169  9:59  Probe (Chrono Boost)  
  171  10:04  Probe (Chrono Boost)  
  172  10:12  Stalker x2, Photon Cannon  
  172  10:13  Immortal, Zealot x3  
  182  10:15  Pylon  
  182  10:17  Pylon  
  160  10:37  Stalker x2  
  160  10:42  Stalker x7  
  163  10:47  Probe (Chrono Boost), Stalker  
  145  10:50  Probe (Chrono Boost)  
  145  10:52  Probe (Chrono Boost)  
  145  10:53  Immortal  
  139  11:02  Stalker x2  
  131  11:06  Archon  
  125  11:16  Nexus  
  121  11:21  High Templar x2  
  121  11:22  High Templar x2  
  121  11:23  Zealot x4  
  137  11:31  High Templar x2  
  141  11:35  Probe (Chrono Boost)  
  141  11:36  Pylon  
  141  11:37  Immortal  
  141  11:39  Pylon x2  
  142  11:40  Pylon, Archon  
  142  11:44  Protoss Ground Weapons Level 3  
  146  11:54  Zealot x6  
  148  11:56  Photon Cannon  
  156  12:10  Archon  
  140  12:18  Zealot x8  
  150  12:29  Probe x3 (Chrono Boost)  
  152  12:36  Probe (Chrono Boost)  
  151  12:37  Zealot x2  
  151  12:45  Assimilator, Zealot x3  
  149  12:52  Dark Templar  
  149  12:53  Dark Templar  
  149  12:54  Zealot  
  147  13:03  Probe (Chrono Boost)  
  147  13:04  Zealot, Dark Templar  
  147  13:05  Zealot  
  149  13:16  High Templar x4  
  149  13:17  High Templar  
  154  13:20  Probe (Chrono Boost)  
  145  13:28  Dark Templar  
  145  13:31  Fleet Beacon  
  145  13:33  Stargate  
  147  13:40  High Templar  
  147  13:41  High Templar, Dark Templar  
  149  13:43  Nexus  
  149  13:44  Dark Templar  
  149  13:48  Archon  
  153  13:53  Pylon, Archon  
  153  13:55  Pylon  
  153  13:58  Pylon  
  153  14:00  Warp Prism  
  153  14:08  Zealot x4  
  153  14:09  Zealot  
  165  14:15  High Templar x2  
  165  14:16  High Templar x2  
  173  14:21  Archon x2  
  173  14:25  Zealot  
  173  14:29  Pylon  
  174  14:36  Tempest  
  174  14:37  Tempest  
  174  14:41  Observer  
  169  14:50  Probe (Chrono Boost)  
  169  14:52  Photon Cannon  
  168  14:53  Photon Cannon  
  168  14:55  Zealot x3  
  168  14:56  Zealot  
  182  15:08  Protoss Air Weapons Level 1  
  182  15:11  Assimilator  
  182  15:13  Zealot  
  184  15:14  Assimilator  
  184  15:19  Zealot x3  
  188  15:29  Tempest, Photon Cannon  
  194  15:41  Tempest  
  195  15:44  Photon Cannon  
  194  15:50  Warp Prism  
  190  16:13  Stargate  
  190  16:15  Stargate  
  190  16:17  Photon Cannon  
  190  16:20  Photon Cannon  
  190  16:24  Observer  
  190  16:31  Tempest  
  197  16:33  Protoss Shields Level 1  
  197  16:39  Void Ray  
  193  16:49  Zealot, Dark Templar x2  
  193  16:50  Zealot  
  194  17:14  Tempest  
  192  17:44  Assimilator, Pylon, Nexus  
  186  17:46  Assimilator, Zealot x3  
  186  17:47  Zealot, Dark Templar x3  
  200  17:55  Pylon  
  198  18:15  Zealot x4, Photon Cannon x2  
  198  18:16  Zealot x2  
  198  18:17  Photon Cannon  
  198  18:18  Photon Cannon  
  198  18:19  Photon Cannon  
  184  18:39  Zealot x3  
  184  18:40  Zealot x6  
Show
View Real Time Build Order
Export as new Build Order

JonSnow Zerg 

Build Orders: Hatch First 

Get SALT Encoding   

  12  0:00  Drone  
  13  0:13  Overlord  
  13  0:17  Drone  
  14  0:31  Drone x2  
  16  0:36  Drone  
  17  0:52  Hatchery  
  17  0:56  Drone  
  17  1:00  Drone  
  18  1:04  Extractor  
  17  1:14  Spawning Pool  
  17  1:17  Drone  
  17  1:20  Drone  
  18  1:30  Overlord  
  18  1:40  Drone  
  19  1:56  Drone  
  19  2:01  Queen  
  22  2:04  Queen, Metabolic Boost  
  22  2:06  Zergling x2  
  25  2:09  Drone  
  25  2:12  Drone  
  27  2:18  Zergling x2  
  28  2:29  Zergling x4  
  30  2:44  Hatchery  
  30  2:47  Drone x3  
  30  2:50  Drone  
  33  2:57  Queen  
  35  3:05  Overlord  
  35  3:09  Drone  
  36  3:22  Spore Crawler  
  36  3:23  Overlord  
  35  3:31  Drone x7  
  41  3:44  Lair  
  41  3:47  Roach Warren  
  39  3:52  Drone x2  
  39  3:53  Drone x3  
  42  3:59  Zergling x4  
  42  4:00  Extractor  
  42  4:01  Extractor  
  42  4:03  Overlord  
  42  4:06  Drone x2  
  42  4:09  Drone  
  45  4:13  Overlord  
  45  4:16  Overlord  
  45  4:25  Drone  
  45  4:26  Drone x4  
  45  4:29  Roach  
  52  4:31  Roach  
  52  4:36  Roach  
  52  4:37  Roach  
  58  4:43  Glial Reconstitution, Overseer  
  58  4:48  Roach  
  58  4:50  Zergling x2  
  58  4:51  Zergling x4  
  63  5:05  Drone  
  63  5:06  Drone x8  
  72  5:17  Overseer  
  72  5:20  Spire, Extractor  
  70  5:21  Drone x3, Extractor  
  70  5:22  Extractor  
  70  5:25  Drone x2  
  70  5:27  Roach  
  75  5:29  Roach  
  75  5:35  Roach x2  
  81  5:42  Drone  
  82  5:43  Overlord x2  
  82  5:51  Evolution Chamber  
  82  5:53  Roach  
  81  6:02  Roach x5  
  81  6:03  Drone  
  89  6:07  Drone x2  
  89  6:11  Drone  
  89  6:13  Drone  
  91  6:19  Drone x3  
  91  6:23  Drone x2  
  93  6:26  Zerg Missile Weapons Level 1  
  93  6:34  Overlord x3  
  91  6:48  Overlord  
  91  6:52  Queen  
  91  6:53  Drone  
  91  6:54  Drone x4  
  96  7:03  Baneling Nest  
  96  7:05  Roach x3  
  99  7:10  Ravager x7  
  99  7:11  Ravager  
  107  7:20  Drone  
  107  7:21  Drone x3  
  107  7:22  Drone  
  112  7:23  Drone x2  
  112  7:26  Drone  
  112  7:27  Drone x3  
  118  7:32  Drone  
  119  7:41  Overlord x2  
  119  7:42  Hatchery  
  118  7:53  Centrifical Hooks  
  118  7:55  Drone x2  
  120  7:59  Drone  
  120  8:00  Drone x7  
  120  8:02  Queen  
  120  8:04  Ravager x3  
  120  8:05  Ravager x2  
  135  8:06  Ravager  
  135  8:09  Overlord  
  135  8:11  Overlord  
  136  8:13  Overseer  
  136  8:20  Drone, Overlord x3, Zerg Melee Weapons Level 1  
  136  8:21  Drone  
  138  8:28  Zergling x12  
  138  8:31  Zergling x4  
  147  8:34  Zergling x2  
  147  8:43  Zergling x12  
  147  8:45  Overlord  
  147  8:47  Drone  
  154  8:52  Hatchery  
  154  8:53  Zergling x2  
  154  8:55  Baneling x15  
  153  9:05  Overlord x2  
  153  9:06  Overlord  
  153  9:07  Drone x2  
  155  9:12  Zergling x2  
  155  9:13  Zergling x14  
  155  9:14  Baneling  
  155  9:15  Baneling x11  
  163  9:21  Roach x4  
  171  9:28  Zergling x2  
  171  9:29  Zergling x2  
  172  9:32  Zergling x4  
  172  9:33  Spine Crawler  
  172  9:35  Spore Crawler  
  172  9:37  Zergling x12  
  178  9:42  Drone x2  
  178  9:44  Zergling x8  
  184  9:49  Zergling x2  
  184  9:50  Baneling x3  
  184  9:51  Baneling x18  
  184  9:52  Zergling x4  
  186  9:56  Zergling x2  
  187  10:00  Zergling x2  
  187  10:03  Zergling x6  
  191  10:07  Zergling x8  
  191  10:10  Infestation Pit, Zergling x2  
  191  10:11  Zergling x6  
  198  10:15  Zerg Melee Weapons Level 2  
  187  10:30  Zergling x6  
  187  10:31  Zergling x22  
  186  10:40  Zergling x2  
  186  10:41  Zergling x14  
  181  10:47  Zergling x2  
  181  10:48  Zergling x6  
  181  10:49  Zergling x2  
  163  11:02  Zergling x2  
  163  11:03  Zergling x18  
  164  11:10  Hatchery  
  164  11:11  Roach x4  
  158  11:15  Roach  
  157  11:20  Overlord x2, Overseer  
  157  11:21  Overseer x2  
  157  11:22  Baneling x7  
  157  11:23  Baneling x17  
  157  11:27  Spire, Hive  
  157  11:28  Zergling x14  
  157  11:29  Queen  
  157  11:32  Baneling  
  165  11:33  Ravager x4  
  165  11:34  Ravager  
  170  11:41  Zergling x18  
  170  11:43  Baneling x6  
  170  11:44  Baneling  
  179  11:49  Zergling x2  
  179  11:50  Zergling x12  
  186  11:55  Zergling x8  
  181  12:11  Zergling x14  
  181  12:12  Zergling x4  
  150  12:27  Zergling x24  
  153  12:32  Zergling x2  
  153  12:33  Zergling x6  
  145  12:40  Roach  
  145  12:41  Roach x2  
  145  12:43  Baneling  
  139  12:45  Roach x2  
  139  12:46  Roach x4  
  139  12:47  Baneling  
  139  12:48  Baneling x11  
  145  12:54  Roach x5  
  145  12:56  Roach x2  
  149  13:00  Overseer x2  
  149  13:02  Baneling  
  149  13:03  Baneling x5  
  149  13:05  Adrenal Glands, Greater Spire  
  140  13:07  Zergling x10  
  140  13:10  Overseer  
  134  13:16  Roach  
  134  13:17  Roach x4, Zergling x8  
  136  13:26  Zergling x8  
  135  13:30  Zergling x2  
  133  13:40  Corruptor  
  131  13:45  Spore Crawler  
  130  13:52  Drone x3  
  130  13:53  Corruptor  
  134  13:56  Corruptor  
  136  14:04  Corruptor  
  136  14:05  Corruptor  
  136  14:09  Corruptor  
  142  14:21  Brood Lord  
  143  14:27  Brood Lord x2  
  146  14:32  Zergling x2  
  146  14:33  Zergling x10  
  152  14:41  Brood Lord x2  
  145  14:46  Brood Lord  
  145  14:54  Corruptor x2  
  149  15:02  Corruptor  
  149  15:03  Corruptor  
  150  15:27  Extractor, Hatchery  
  150  15:28  Brood Lord x2, Extractor  
  150  15:30  Corruptor  
  152  15:40  Zergling x2  
  152  15:41  Zergling x14  
  159  15:54  Overlord x4  
  159  15:57  Zergling x2  
  159  15:58  Zergling x2  
  159  16:03  Baneling x3  
  159  16:04  Baneling x3  
  161  16:11  Brood Lord  
  163  16:24  Corruptor x2  
  166  16:28  Overseer  
  166  16:34  Overseer  
  166  16:38  Corruptor x2  
  166  16:39  Corruptor  
  170  16:53  Spore Crawler, Corruptor  
  170  16:54  Corruptor  
  170  16:55  Spine Crawler  
  170  17:01  Baneling x8  
  171  17:07  Zergling x2  
  171  17:08  Zergling x8  
  166  17:28  Drone x8  
  171  17:35  Corruptor  
  171  17:36  Corruptor  
  167  17:52  Extractor  
  167  17:53  Extractor  
  164  18:00  Zergling x24  
  164  18:05  Corruptor  
  156  18:14  Zergling x10  
Tags
 
Add a new tag
Caveats
  • Supply blocks, unpowered buildings, or Contaminate may cause inaccurate times.
  • Supply counts are checked every 10 seconds.